[Event "Early-Titled-Tuesday-Blitz-February-13-2024"]
[Site "Chess.com"]
[Date "2024.02.13"]
[Round "11"]
[White "djano"]
[Black "Igor_Lysyj"]
[Result "1/2-1/2"]
[WhiteElo "2663"]
[BlackElo "2844"]
[TimeControl "180+1"]
[EndTime "10:09:46 PST"]
[Termination "Game drawn by agreement"]

1. e4 e5 2. Nf3 Nc6 3. d4 exd4 4. Nxd4 Nf6 5. Nxc6 bxc6 6. Bd3 d5 7. exd5 cxd5 8.
O-O Be7 9. b3 O-O 10. Bb2 Bg4 11. f3 Bh5 12. Nd2 c6 13. Kh1 Bg6 14. Bxg6 hxg6 15. c4 Re8 16. Qc2 Rc8 17. Rad1 Qa5 18. Bc3 Bb4 19. Bxb4 Qxb4 20. Rfe1 Rxe1+ 21. Rxe1 dxc4 22.
bxc4 Rd8 23. Re2 g5 24. h3 Nh5 25. Nf1 Nf4 26. Rd2 Re8 27. Kh2 g6 28. Ng3 Qb8 29. Qb2 Qc7 30. Qd4 Rb8 31. c5 Nd5 32. Re2 Qf4 33.
Qxf4 Nxf4 34. Rd2 f5 35. Ne2 Nxe2 36. Rxe2 Kf7 37. Rd2 Rb5 38. Rd7+ Kf8 39. Rxa7 Rxc5 40. a4 f4 41. Kg1 Rc1+ 42. Kf2 Rc2+ 43. Kf1 Ra2 44. a5 Kg8 1/2-1/2

[Event "Early-Titled-Tuesday-Blitz-February-13-2024"]
[Site "Chess.com"]
[Date "2024.02.13"]
[Round "11"]
[White "JeFumeDesClopes"]
[Black "ilqar_74"]
[Result "0-1"]
[WhiteElo "2598"]
[BlackElo "2794"]
[TimeControl "180+1"]
[EndTime "10:09:46 PST"]
[Termination "ilqar_74 won by resignation"]

1. Nf3 Nf6 2. g3 e6 3. Bg2 d5 4. O-O Be7 5. c4 O-O 6. b3 c5 7. cxd5 exd5 8. d4 Nc6 9. Bb2 cxd4 10. Nxd4 Qb6 11. Nxc6 bxc6 12. Nc3 Bg4 13. h3 Bh5 14.
Rc1 Rfe8 15. Na4 Qa6 16. g4 Bg6 17. e3 Ne4 18. Re1 Bh4 19. Re2 h5 20. Nc3 hxg4 21.
hxg4 Qc8 22. Nxd5 Qxg4 23. f3 Qg3 24. Qd4 Nf6 25. Nf4 Rad8 26. Qc3 Bf5 27. Rd2 Rxd2 28.
Qxd2 Bg5 29. Bxf6 Bxf6 30. Nh5 Qg5 31. Nxf6+ Qxf6 32. e4 Bg6 33. Qc3 Qg5 34. Re1 Bh5 35. Qxc6 Rd8 36. Qc3 Rd2 37. Qc8+ Rd8 38. Qf5 Qg3 39.
Re2 Rd1+ 0-1

[Event "Early-Titled-Tuesday-Blitz-February-13-2024"]
[Site "Chess.com"]
[Date "2024.02.13"]
[Round "11"]
[White "Abund"]
[Black "soloderisas"]
[Result "1-0"]
[WhiteElo "2772"]
[BlackElo "2548"]
[TimeControl "180+1"]
[EndTime "10:09:47 PST"]
[Termination "Abund won by checkmate"]

1. e4 e5 2. Nf3 Nc6 3. Bb5 a6 4. Ba4 Nf6 5. O-O b5 6. Bb3 Bc5 7. d3 d6 8. Be3 O-O 9. a3 Bg4 10. Nbd2 Qe7 11. Re1 Nd4 12. h3 Bxf3 13. Nxf3 Nxb3 14. cxb3 Bxe3 15. Rxe3 c5 16. b4 Rfc8 17.
Qd2 Rc6 18. Rc1 Rac8 19. Ree1 h6 20. Rc3 Nd7 21. Rec1 Nb6 22. R3c2 Kf8 23. Qe3 Na4 24. b3 Nb6 25. bxc5 Rxc5 26. Qd2 d5 27. Rxc5 Rxc5 28. Rxc5 Qxc5 29. b4 Qc7 30. Qb2 d4 31. Qb3 Qc1+ 32.
Kh2 Qf4+ 33. Kg1 Qc1+ 34. Kh2 Qf4+ 35. Kh1 Na4 36. Qd5 Qc1+ 37. Kh2 Qf4+ 38. g3 Qxf3 39. Qd8# 1-0

[Event "Early-Titled-Tuesday-Blitz-February-13-2024"]
[Site "Chess.com"]
[Date "2024.02.13"]
[Round "11"]
[White "Cirky"]
[Black "Roman_Ovetchkin"]
[Result "1-0"]
[WhiteElo "2495"]
[BlackElo "2598"]
[TimeControl "180+1"]
[EndTime "10:09:47 PST"]
[Termination "Cirky won on time"]

1. d4 Nf6 2. c4 c5 3. d5 b5 4.
cxb5 a6 5. Nc3 axb5 6. Nxb5 Ba6 7. Nc3 g6 8. Nf3 Bg7 9. e4 Bxf1 10. Kxf1 O-O 11. e5 Ne8 12. g3 d6 13. Qe2 Nd7 14.
Bf4 Nb6 15. Rd1 Na4 16. Kg2 Nxc3 17. bxc3 Ra3 18. c4 Qa8 19. Rd2 dxe5 20. Nxe5 e6 21.
Nd7 Nf6 22. Nxf8 exd5 23. cxd5 Nxd5 24. f3 Bxf8 25. Rhd1 Nc3 26. Qe5 Nxd1 27. Rxd1 Rxa2+ 28. Kh3 Qxf3 29. Rd8 Qf1+ 30. Kg4 h5+ 31. Kg5 1-0

[Event "Early-Titled-Tuesday-Blitz-February-13-2024"]
[Site "Chess.com"]
[Date "2024.02.13"]
[Round "11"]
[White "Korchmar_Vasiliy"]
[Black "Predator0608"]
[Result "1-0"]
[WhiteElo "2734"]
[BlackElo "2589"]
[TimeControl "180+1"]
[EndTime "10:09:49 PST"]
[Termination "Korchmar_Vasiliy won by resignation"]

1. Nf3 Nf6 2. g3 b6 3. Bg2 Bb7 4. O-O e6 5. d3 d5 6. Nbd2 Be7 7. e4 dxe4 8. Ng5 O-O 9. Ndxe4 Nxe4 10. Nxe4 Nd7 11.
Nf6+ Nxf6 12. Bxb7 Rb8 13. Bg2 c5 14. a4 Qd7 15. a5 Rfd8 16. Bf4 Bd6 17. Bg5 Be5 18. axb6 Rxb6 19. Ra5 Bxb2 20. Rxc5 h6 21. Bf4 Rc8 22.
Rxc8+ Qxc8 23. c4 a5 24. Qa4 Bc3 25. Rc1 Bb4 26. c5 Ra6 27. c6 Nd5 28. Bxd5 exd5 29. c7 Re6 30. Qb5 d4 31. Qd5 Bc3 32. Rb1 Bb4 33.
Qxd4 Re8 34. Rc1 Ba3 35. Rc4 Kh7 36. Qd5 Qh3 37. Be3 Bb4 38. Qxf7 Rc8 39. g4 Qh4 40. Qf5+ 1-0

[Event "Early-Titled-Tuesday-Blitz-February-13-2024"]
[Site "Chess.com"]
[Date "2024.02.13"]
[Round "11"]
[White "Orest_Vovk"]
[Black "Shahdad2007"]
[Result "0-1"]
[WhiteElo "2671"]
[BlackElo "2532"]
[TimeControl "180+1"]
[EndTime "10:09:49 PST"]
[Termination "Shahdad2007 won by resignation"]

1. h4 a6 2. h5 Nf6 3. Nc3 e5 4. d4 exd4 5. Qxd4 Nc6 6. Qh4 Be7 7. h6 g6 8. Bg5 d5 9. O-O-O Be6 10. e4 d4 11. Nf3 Ng4 12. Nd5 Bxg5+ 13. Nxg5 Nxf2 14. Nxe6 fxe6 15. Nf6+ Kf7 16. Qxf2 Qxf6 17. Qg3 Qe5 18. Qb3 b5 19. Be2 Ke7 20. Qa3+ Qd6 21. Qh3 Rhf8 22. e5 Qxe5 23. Bf3 Kd6 24. Rhe1 Qf4+ 25. Kb1 e5 26.
Bxc6 Kxc6 27. Qe6+ Kb7 28. Rxe5 Rad8 29. a4 Rd6 30. Qe7 Rf7 31. Qe8 Rf8 32. Qe7 bxa4 33.
Rc5 Rb6 34. Qxh7 Qd6 35. Rc4 a3 36. b3 d3 37. Rxd3 Rf1+ 38. Ka2 Qe5 39. Qxc7+ Qxc7 40. Rxc7+ Kxc7 41. h7 Rh1 42. Rh3 Rxh3 43. gxh3 Rb8 0-1

[Event "Early-Titled-Tuesday-Blitz-February-13-2024"]
[Site "Chess.com"]
[Date "2024.02.13"]
[Round "11"]
[White "RandomNoob04"]
[Black "crazy_m_attack"]
[Result "1-0"]
[WhiteElo "2597"]
[BlackElo "2475"]
[TimeControl "180+1"]
[EndTime "10:09:49 PST"]
[Termination "RandomNoob04 won by resignation"]

1. e4 e5 2. d4 exd4 3. Qxd4 Nc6 4. Qe3 Nf6 5. e5 Ng4 6. Qe4 d5 7. exd6+ Be6 8. Ba6 Nf6 9. Qa4 bxa6 10. Qxc6+ Bd7 11. Qxc7 Qxc7 12. dxc7 Rc8 13. Nc3 Rxc7 14. Bf4 Rc4 15. Nge2 Bb4 16. Be5 O-O 17. O-O-O Bf5 18. Rd4 Rxd4 19.
Bxd4 Rc8 20. a3 Be7 21. Rd1 Ne4 22.
f3 Bg5+ 23. f4 Be7 24. g3 h5 25. Nxe4 Bxe4 26. Bc3 Bf3 27. Rd2 h4 28. Nd4 Bg4 29.
gxh4 Bf6 30. Rg2 Bd7 31. Ne2 Bxc3 32. Nxc3 Rc4 33. Rf2 Bf5 34. Kd2 Rd4+ 35. Ke3 Rd7 36. Rd2 Re7+ 37. Kf2 Rb7 38. b4 Rc7 39. Nd5 Rxc2 40.
Rxc2 Bxc2 41. Ke3 g6 42. Kd4 Bf5 43. Ne7+ Kg7 44. Nxf5+ gxf5 45. Ke5 Kg6 46. h5+ Kxh5 47. Kxf5 Kh6 48. Kf6 Kh5 49. Kxf7 Kg4 50. Kg6 Kxf4 51. h4 Kg4 52. h5 Kf4 53. h6 Ke4 54.
h7 Kd4 55. h8=Q+ Kc4 56. Qc8+ Kb3 57. Qxa6 1-0

[Event "Early-Titled-Tuesday-Blitz-February-13-2024"]
[Site "Chess.com"]
[Date "2024.02.13"]
[Round "11"]
[White "Alenzer"]
[Black "Chernov_Alexander_A"]
[Result "0-1"]
[WhiteElo "2135"]
[BlackElo "2305"]
[TimeControl "180+1"]
[EndTime "10:09:49 PST"]
[Termination "Chernov_Alexander_A won on time"]

1. e4 d6 2. d4 Nf6 3. Nc3 Nbd7 4.
Be3 e5 5. Nf3 c6 6. h3 Be7 7.
Bc4 O-O 8. a4 exd4 9. Nxd4 Ne5 10. Bb3 Qc7 11. O-O Bd7 12. Nf5 Bxf5 13. exf5 d5 14. Bg5 Rfe8 15. Re1 Rad8 16. Qd2 Bd6 17. Ne2 Bc5 18. c3 Nh5 19. Nd4 Rc8 20. Bc2 Be7 21.
f6 Nxf6 22. Nf5 Bc5 23. Nxg7 Kxg7 24. Bh6+ Kh8 25. Qg5 Nf3+ 26. gxf3 Rg8 27. Qxg8+ Rxg8+ 28. Kf1 Qh2 29. Ke2 Qxf2+ 30. Kd1 Qxf3+ 31. Kc1 Ne4 32. Kb1 Qf6 33. Be3 Bxe3 34. Rxe3 Qf4 35. Re1 Nd2+ 0-1

[Event "Early-Titled-Tuesday-Blitz-February-13-2024"]
[Site "Chess.com"]
[Date "2024.02.13"]
[Round "11"]
[White "MIss_MIaMI"]
[Black "Viktor_Poddubnyi"]
[Result "1-0"]
[WhiteElo "2419"]
[BlackElo "2260"]
[TimeControl "180+1"]
[EndTime "10:09:50 PST"]
[Termination "MIss_MIaMI won on time"]

1. e4 g6 2. Nf3 Bg7 3. d4 d6 4.
Bd3 Nf6 5. h3 Nc6 6. c3 O-O 7. O-O e5 8. Re1 Nh5 9. Bg5 Bf6 10.
Bxf6 Qxf6 11. dxe5 dxe5 12. Nbd2 Nf4 13. Bf1 Be6 14.
Qa4 Rfd8 15. Rad1 Rd6 16. Nh2 Nd3 17. Bxd3 Rxd3 18. Ndf3 Rxd1 19. Rxd1 a6 20. Ng4 Bxg4 21. hxg4 Rd8 22. g5 Qe7 23. Rd5 Rxd5 24. exd5 Nb8 25. Qe4 Nd7 26. c4 a5 27. b3 b6 28. Qe3 Qd6 29.
Nd2 Qa3 30. Qh3 Qc1+ 31. Nf1 Nf8 32. Qg3 Qb2 33. Ne3 Qd4 34. Ng4 e4 35. Qxc7 1-0

[Event "Early-Titled-Tuesday-Blitz-February-13-2024"]
[Site "Chess.com"]
[Date "2024.02.13"]
[Round "11"]
[White "pfalcon1949"]
[Black "lluiss"]
[Result "1-0"]
[WhiteElo "1950"]
[BlackElo "2145"]
[TimeControl "180+1"]
[EndTime "10:09:50 PST"]
[Termination "pfalcon1949 won on time"]

1. e4 e6 2. d4 d5 3. Nc3 Nf6 4.
e5 Nfd7 5. f4 g6 6. Nf3 h5 7.
Be3 Be7 8. Bd3 b6 9. Ne2 Ba6 10. c3 Bxd3 11. Qxd3 c5 12. O-O Kf8 13. Kh1 Kg7 14.
Rg1 Nc6 15. g3 c4 16. Qc2 b5 17. Rg2 b4 18. Rag1 Rh7 19. g4 hxg4 20. Rxg4 Nf8 21. f5 exf5 22. Qxf5 Qd7 23. Rxg6+ fxg6 24. Rxg6+ Kh8 25.
e6 Qd6 26. Bf4 Nxg6 27. Bxd6 Bxd6 28. Qxg6 Rf8 29. Ng5 Rxh2+ 30. Kg1 Ne7 31. Nf7+ Rxf7 32. Qxf7 Rh7 33. Qf6+ Rg7+ 34. Kf1 Kg8 35. Nf4 bxc3 36. bxc3 Nc6 37. Ng6 Ne7 38. Qf8+ Kh7 39. Nxe7 Bxe7 40. Qf5+ Kg8 41. Qxd5 Rg6 42. Qa8+ Kg7 43. d5 Rxe6 44.
dxe6 1-0

[Event "Early-Titled-Tuesday-Blitz-February-13-2024"]
[Site "Chess.com"]
[Date "2024.02.13"]
[Round "11"]
[White "edgarhay012"]
[Black "eagleclaw07"]
[Result "1-0"]
[WhiteElo "2651"]
[BlackElo "2788"]
[TimeControl "180+1"]
[EndTime "10:09:52 PST"]
[Termination "edgarhay012 won by resignation"]

1. e4 Nf6 2. e5 Nd5 3. d4 d6 4. exd6 exd6 5. c4 Nb6 6. Nf3 Be7 7. b3 O-O 8. Be2 Nc6 9. O-O Bf6 10. Be3 Bg4 11. Nc3 d5 12. c5 Nc8 13. Qd2 N8e7 14.
h3 Bxf3 15. Bxf3 Qd7 16. Rfe1 Rad8 17. Ne2 Nf5 18. Bg4 g6 19. Ng3 Nce7 20. Bf4 h5 21. Nxf5 Nxf5 22. Bxf5 Qxf5 23. Bxc7 Rc8 24. Be5 Bg5 25. Qc3 Rfe8 26. b4 Re6 27. b5 Rce8 28. Rf1 Bf6 29. Bxf6 Qxf6 30. a4 Re2 31. a5 Qf5 32. b6 Rc2 33. Qg3 a6 34. Rae1 Rc8 35. Qd6 Rd2 36. Re5 Qd3 37. Qxd5 Qxd4 38. Qxb7 Rf8 39. Qe7 Rc2 40. b7 Qb4 41. Rfe1 Qb2 42. Qxf8+ Kxf8 43. Re8+ Kg7 44. b8=Q Qf6 45. Qe5 1-0

[Event "Early-Titled-Tuesday-Blitz-February-13-2024"]
[Site "Chess.com"]
[Date "2024.02.13"]
[Round "11"]
[White "GulamaliRises"]
[Black "Lion_DL"]
[Result "0-1"]
[WhiteElo "2604"]
[BlackElo "2496"]
[TimeControl "180+1"]
[EndTime "10:09:52 PST"]
[Termination "Lion_DL won by checkmate"]

1. e4 c5 2. Nf3 e6 3. d4 cxd4 4.
Nxd4 a6 5. Bd3 Nf6 6. O-O Qc7 7.
Qe2 d6 8. c4 Nbd7 9. Nc3 b6 10.
Rd1 Be7 11. Nf3 O-O 12. Bf4 Bb7 13. Rac1 Rac8 14. b3 Nc5 15. Bb1 Rfd8 16. h3 Qb8 17. Nd4 Qa8 18. f3 Bf8 19. Bg5 Be7 20. Be3 Re8 21.
g4 d5 22. cxd5 exd5 23. e5 Nfd7 24. f4 Ne4 25. Nxe4 dxe4 26. Nf5 Rxc1 27. Bxc1 Bc5+ 28. Kh2 Nf8 29. Nd6 Rd8 30. Nxb7 Rxd1 31. Qxd1 Qxb7 32. Qe2 Qd5 33. Bxe4 Qd4 34. Qg2 Ne6 35. Kg3 Qc3+ 36. Qf3 Qxc1 37. f5 Qe1+ 38. Kg2 Qg1# 0-1

[Event "Early-Titled-Tuesday-Blitz-February-13-2024"]
[Site "Chess.com"]
[Date "2024.02.13"]
[Round "11"]
[White "amanjazu"]
[Black "kleopl"]
[Result "0-1"]
[WhiteElo "2509"]
[BlackElo "2539"]
[TimeControl "180+1"]
[EndTime "10:09:52 PST"]
[Termination "kleopl won on time"]

1. g3 c5 2. Bg2 Nc6 3. f4 g6 4. Nf3 Bg7 5. O-O d6 6. d3 e6 7. Nc3 Nge7 8. e4 O-O 9. h3 Rb8 10. Kh2 b5 11. g4 f5 12. Ne2 b4 13. Ng3 Qc7 14. g5 a5 15. h4 Ba6 16. Re1 a4 17. Rb1 c4 18. Bh3 b3 19. axb3 cxb3 20. c3 Na7 21. h5 Nb5 22. c4 Nd4 23. Nxd4 Bxd4 24. exf5 exf5 25. Be3 Nc6 26. Qf3 Bxe3 27. Rxe3 Nb4 28.
Re6 Bb7 29. Qe2 Qf7 30. Re1 Nc2 31. Re7 Nxe1 32. Qxe1 Rfe8 33. Rxf7 Rxe1 34. hxg6 hxg6 35. Rf6 Kg7 36. Bxf5 Rh8+ 37. Bh3 a3 38. Rxd6 axb2 39.
Rd7+ Kf8 40. Rd8+ Re8 41. Rd7 Bc8 0-1

[Event "Early-Titled-Tuesday-Blitz-February-13-2024"]
[Site "Chess.com"]
[Date "2024.02.13"]
[Round "11"]
[White "giovannibrandao7"]
[Black "guillembaches"]
[Result "0-1"]
[WhiteElo "2262"]
[BlackElo "2533"]
[TimeControl "180+1"]
[EndTime "10:09:52 PST"]
[Termination "guillembaches won by resignation"]

1. e4 c5 2. Nf3 d6 3. d4 cxd4 4. Nxd4 Nf6 5. Nc3 Nc6 6. Be2 e5 7. Nb3 Be7 8. O-O O-O 9. Be3 Be6 10. Nd5 Nxe4 11. Bf3 Nf6 12. Nxe7+ Qxe7 13. Re1 h6 14.
Qd2 Rad8 15. g3 Ng4 16. Bg2 Nxe3 17. Qxe3 d5 18. c3 b6 19. Rad1 Qc7 20. Nc1 d4 21. Qe2 Bd5 22. Bxd5 Rxd5 23. c4 Rd7 24. b3 f5 25. Nd3 Re7 26. Qh5 Rf6 27. Kg2 Qd7 28. f3 Qe8 29. Qh3 Qg6 30. b4 Rfe6 31.
b5 Na5 32. f4 Nxc4 33. fxe5 Ne3+ 34. Rxe3 dxe3 35. Nf4 Qg4 36. Qxg4 fxg4 37. Nxe6 Rxe6 38. Re1 Rxe5 39. h3 gxh3+ 40. Kxh3 g5 0-1

[Event "Early-Titled-Tuesday-Blitz-February-13-2024"]
[Site "Chess.com"]
[Date "2024.02.13"]
[Round "11"]
[White "Hovik_Hayrapetyan"]
[Black "kingofthenil"]
[Result "0-1"]
[WhiteElo "2885"]
[BlackElo "2735"]
[TimeControl "180+1"]
[EndTime "10:09:53 PST"]
[Termination "kingofthenil won by resignation"]

1. d4 d5 2. c4 e6 3. Nc3 a6 4.
cxd5 exd5 5. Nf3 Nf6 6. Bg5 Be6 7. Qb3 Nbd7 8. e3 Bd6 9. Qxb7 O-O 10. Qb3 c5 11.
Qc2 Qa5 12. Bxf6 Nxf6 13. Be2 cxd4 14. Nxd4 Rfc8 15. Nxe6 fxe6 16. O-O Be5 17. Rac1 Rab8 18.
Bd3 Qb4 19. Bxa6 Bxh2+ 20. Kxh2 Qh4+ 21. Kg1 Ng4 22. Rfd1 Rf8 23. Rd2 Qh2+ 24. Kf1 Nxe3+ 25. Ke2 Nxc2 26. Rcxc2 Qxg2 27. Nd1 Qg4+ 28. Kf1 Qh3+ 29.
Ke2 Ra8 30. Bd3 Rxa2 31. b4 Rxc2 32. Rxc2 Qf3+ 33. Kd2 Qf4+ 34. Kc3 Rc8+ 35. Kb3 Rxc2 36. Bxc2 Qc4+ 37. Kb2 Qxb4+ 38. Kc1 h5 0-1

[Event "Early-Titled-Tuesday-Blitz-February-13-2024"]
[Site "Chess.com"]
[Date "2024.02.13"]
[Round "11"]
[White "Preobrazhenska_D2011"]
[Black "Cheer_Down"]
[Result "0-1"]
[WhiteElo "2366"]
[BlackElo "2496"]
[TimeControl "180+1"]
[EndTime "10:09:53 PST"]
[Termination "Cheer_Down won by resignation"]

1. e4 e6 2. d4 d5 3. Nc3 dxe4 4. Nxe4 Bd7 5. Nf3 Bc6 6. Bd3 Nd7 7. O-O Ngf6 8. Qe2 Nxe4 9. Bxe4 Bxe4 10. Qxe4 c6 11.
Bf4 Be7 12. Rfe1 O-O 13. c4 Re8 14. Rad1 a5 15. Qc2 Bb4 16. Re3 b5 17. c5 a4 18.
Ng5 Nf8 19. Rf3 Ra7 20. Ne4 Qd5 21. Rg3 Ng6 22. Be5 Rd8 23. Bf6 Rdd7 24. Rg5 Qxa2 25.
h4 Qb3 26. Qb1 a3 27. h5 a2 28. Qa1 Qxd1+ 29. Qxd1 a1=Q 30. Qxa1 Rxa1+ 31. Kh2 Re1 32. hxg6 hxg6 33. Be5 Rxe4 34. f3 Rexd4 35. Bxd4 Rxd4 36. Kh3 Rd5 37. Rg4 Bxc5 38. b4 Bd6 39. Re4 Kf8 40. f4 Ke7 41. g3 f5 42. Re2 Bxb4 43. Ra2 Rd7 44. Rb2 c5 0-1

[Event "Early-Titled-Tuesday-Blitz-February-13-2024"]
[Site "Chess.com"]
[Date "2024.02.13"]
[Round "11"]
[White "K_A_S_T_O_R"]
[Black "PavelShkapenko"]
[Result "0-1"]
[WhiteElo "2859"]
[BlackElo "2767"]
[TimeControl "180+1"]
[EndTime "10:09:54 PST"]
[Termination "PavelShkapenko won by resignation"]

1. e4 e5 2. Nf3 Nc6 3. Bb5 Bc5 4. c3 f5 5. exf5 e4 6. d4 exf3 7. dxc5 Qe7+ 8. Be3 fxg2 9. Rg1 Nf6 10. Rxg2 O-O 11.
Nd2 b6 12. Nb3 Bb7 13. Qe2 Nd4 14. Rxg7+ Qxg7 15. Nxd4 Qg1+ 16. Qf1 Qxf1+ 17. Kxf1 bxc5 18. Nb3 d6 19. Na5 Be4 20. Re1 Rab8 21. a4 Kg7 22. Bg5 Bxf5 23. Nc6 Rb7 24. Re7+ Kg6 25. Bd2 a6 26. Bxa6 Rxb2 27. Be3 Ng4 28. Kg2 Nxe3+ 29. Rxe3 Bd7 30. Ne7+ Kg7 31. Rg3+ Kf7 32. Nd5 Bxa4 33. Nxc7 Bc6+ 34. Kh3 Ke7 35. Bc4 Rf3 36. Rxf3 Bxf3 37. Kg3 Bc6 38. Bd5 Kd7 39. Bxc6+ Kxc6 40. Ne6 Rc2 41. f4 Rxc3+ 42. Kg4 d5 43. f5 Kd6 44.
Nf4 Rc4 45. Kf3 Ke5 0-1

[Event "Early-Titled-Tuesday-Blitz-February-13-2024"]
[Site "Chess.com"]
[Date "2024.02.13"]
[Round "11"]
[White "Harry_Rakkel"]
[Black "JoliyRoger"]
[Result "1-0"]
[WhiteElo "2687"]
[BlackElo "2536"]
[TimeControl "180+1"]
[EndTime "10:09:54 PST"]
[Termination "Harry_Rakkel won on time"]

1. e4 c6 2. d4 d5 3. exd5 cxd5 4. Bd3 Nc6 5. c3 Nf6 6. Bf4 g6 7. Nf3 Bf5 8. O-O e6 9. Re1 Bd6 10. Ne5 Qc7 11. Na3 Bxd3 12. Qxd3 a6 13. Nc2 O-O 14. Re3 Nd7 15. Rae1 Rfe8 16. Bg3 Ndxe5 17. dxe5 Be7 18. h4 Bc5 19. Rf3 Ne7 20. h5 Nf5 21. Bh2 Rac8 22. g4 Ne7 23. Qd2 Nc6 24. Kg2 Rcd8 25. a3 d4 26. c4 a5 27. Rd3 a4 28. Qf4 b6 29.
Rh1 Qb7 30. Kg1 Bf8 31. Ne1 Bg7 32. Nf3 Qc7 33. Bg3 Na5 34. h6 Bh8 35. Kg2 Qxc4 36. Rhd1 Nb3 37. Bh4 Rc8 38. Bf6 Nc5 39. Rxd4 Nd3 40.
R1xd3 1-0

[Event "Early-Titled-Tuesday-Blitz-February-13-2024"]
[Site "Chess.com"]
[Date "2024.02.13"]
[Round "11"]
[White "BeardedNM"]
[Black "abeljusto"]
[Result "0-1"]
[WhiteElo "2169"]
[BlackElo "2093"]
[TimeControl "180+1"]
[EndTime "10:09:55 PST"]
[Termination "abeljusto won by resignation"]

1. e4 c5 2. Nf3 Nc6 3. d4 cxd4 4. Nxd4 Nf6 5. Nc3 d6 6. Bc4 Qb6 7. Nb3 e6 8. O-O a6 9. Qe2 Be7 10. Be3 Qc7 11. f4 O-O 12. Kh1 b5 13. Bd3 Nb4 14. Bd4 Nxd3 15. cxd3 Bb7 16. Rac1 Qd8 17. e5 dxe5 18.
fxe5 Nd7 19. Ne4 Bxe4 20. Qxe4 Nb6 21. Na5 Nd5 22. Nc6 Qd7 23. Nxe7+ Nxe7 24. Bc5 Rfd8 25. Bd6 Rac8 26. a4 Nf5 27. axb5 axb5 28. Rxc8 Rxc8 29.
g4 Nxd6 30. Qd4 Qc6+ 31. Kg1 Nb7 32. Qf4 Qc5+ 33. Kg2 Qe7 34. Rf2 g6 35. Qh6 Qf8 36.
Qf4 Qe7 37. d4 Rd8 38. Qh6 Na5 39. Qe3 Nc4 40. Qc3 Nb6 41. b3 Nd5 42. Qf3 Qb7 43.
h3 Ne3+ 44. Kg3 Qxf3+ 45. Rxf3 Nd5 0-1

[Event "Early-Titled-Tuesday-Blitz-February-13-2024"]
[Site "Chess.com"]
[Date "2024.02.13"]
[Round "11"]
[White "PLAYER_2006_M"]
[Black "DenLaz"]
[Result "0-1"]
[WhiteElo "3030"]
[BlackElo "3075"]
[TimeControl "180+1"]
[EndTime "10:09:57 PST"]
[Termination "DenLaz won by checkmate"]

1. e4 c5 2. Nf3 e6 3. d4 cxd4 4.
Nxd4 Nc6 5. Nc3 Qc7 6. g3 a6 7. Bg2 Bc5 8. Nxc6 dxc6 9. O-O e5 10. Na4 Ba7 11. c4 b5 12. cxb5 axb5 13. Nc3 Nf6 14. Qc2 Qd6 15. Rd1 Qe6 16. h3 O-O 17. Kh2 Bb7 18.
b3 Rfd8 19. Bb2 h5 20. Rxd8+ Rxd8 21. Rd1 Rd4 22. a4 Qd7 23. axb5 cxb5 24. Nd5 Rxd1 25. Qxd1 Bxd5 26. exd5 Bb8 27. Qc2 h4 28. Qc6 Qd8 29. Qa8 hxg3+ 30. fxg3 Qe8 31. Bc3 e4 32. Bxf6 Bxg3+ 33. Kxg3 Qxa8 34. Bd4 Qxd5 35. Be3 Qxb3 36. Kf4 b4 37.
Bxe4 Qc4 38. Kf3 b3 39. Bd2 b2 40. Ke3 Qxe4+ 41. Kxe4 b1=Q+ 42. Kf3 Qf5+ 43. Ke2 f6 44.
Be3 Qxh3 45. Bf2 Kf7 46. Ke1 Ke6 47. Ke2 Kf5 48. Bd4 Ke4 49. Bc5 Qg2+ 50. Ke1 g5 51.
Kd1 Kd3 52. Ke1 Qe2# 0-1

[Event "Early-Titled-Tuesday-Blitz-February-13-2024"]
[Site "Chess.com"]
[Date "2024.02.13"]
[Round "11"]
[White "Agibileg"]
[Black "Sanyura"]
[Result "1-0"]
[WhiteElo "2727"]
[BlackElo "2659"]
[TimeControl "180+1"]
[EndTime "10:09:57 PST"]
[Termination "Agibileg won on time"]

1. d4 Nf6 2. c4 g6 3. Nc3 Bg7 4.
e4 d6 5. Be2 O-O 6. Nf3 e5 7.
O-O Nc6 8. d5 Ne7 9. Nd2 Ne8 10.
b4 f5 11. c5 f4 12. Bg4 h5 13.
Bxc8 Rxc8 14. f3 g5 15. Nc4 Ng6 16. Ba3 g4 17. b5 Qg5 18. Kh1 Nh4 19. Qe2 Rf7 20.
Rac1 Bf8 21. b6 axb6 22. cxb6 cxb6 23. Nxb6 Rd8 24. Nb5 Rg7 25. Nc8 Qf6 26. Nb6 Kh7 27. Bb4 Qg5 28. a4 Nf6 29. Nc7 Re8 30. Nxe8 Nxe8 31.
Rc8 Qg6 32. Be1 g3 33. h3 Be7 34. Bb4 Nf6 35. Rc7 Kh6 36. Rxb7 Nh7 37. Nc8 Bf8 38. Rxg7 Kxg7 39. a5 Ng5 40. Rg1 1-0

[Event "Early-Titled-Tuesday-Blitz-February-13-2024"]
[Site "Chess.com"]
[Date "2024.02.13"]
[Round "11"]
[White "Bigfish1995"]
[Black "wonderfultime"]
[Result "1-0"]
[WhiteElo "3179"]
[BlackElo "3084"]
[TimeControl "180+1"]
[EndTime "10:10:00 PST"]
[Termination "Bigfish1995 won on time"]

1. e4 e5 2. Nf3 Nc6 3. Bb5 a6 4. Ba4 Bc5 5. c3 Nge7 6. O-O Ng6 7. d4 Ba7 8. Bg5 f6 9. Be3 O-O 10. Re1 d6 11. h3 Kh8 12. Nbd2 exd4 13. cxd4 Nce7 14.
d5 Bxe3 15. Rxe3 f5 16. Rc1 Nf4 17. Bb3 fxe4 18. Nxe4 h6 19. Qd2 Neg6 20. Ng3 Bd7 21. Bc2 Rc8 22. Bxg6 Nxg6 23. Nh5 Rf5 24. g4 Rf7 25.
Nd4 Qh4 26. Ne6 c6 27. f4 Rg8 28. dxc6 Bxc6 29. f5 Ne5 30. Nef4 Qg5 31. Qxd6 Nxg4 32. Rg3 Rd8 33. Qg6 Rfd7 34. Rxg4 Qe7 35. Ne6 Rd1+ 36.
Rxd1 Rxd1+ 37. Kf2 Rd2+ 38. Ke1 Rxb2 39. Qxg7+ Qxg7 40.
Rxg7 Be4 41. Nf6 1-0

[Event "Early-Titled-Tuesday-Blitz-February-13-2024"]
[Site "Chess.com"]
[Date "2024.02.13"]
[Round "11"]
[White "WilsonPalencia21"]
[Black "Happy1712Drummer"]
[Result "0-1"]
[WhiteElo "2554"]
[BlackElo "2386"]
[TimeControl "180+1"]
[EndTime "10:10:00 PST"]
[Termination "Happy1712Drummer won on time"]

1. d4 d5 2. c4 e6 3. Nf3 a6 4.
Nc3 dxc4 5. a4 Nc6 6. e3 Na5 7. Ne5 c5 8. dxc5 Qxd1+ 9. Kxd1 Bxc5 10. Nxc4 Nxc4 11. Bxc4 Nf6 12. Ke2 O-O 13. a5 Bd7 14. Na4 Ba7 15. b3 Rac8 16. Bb2 Bb5 17. Bxb5 axb5 18.
Bxf6 gxf6 19. Nb6 Bxb6 20. axb6 Rc6 21. Rhc1 Rfc8 22. Rxc6 Rxc6 23. Ra8+ Kg7 24. Kd3 Rxb6 25. Kc3 Rc6+ 26. Kb2 f5 27. f4 b6 28. Rb8 b4 29. g3 Kf6 30. h3 Ke7 31. g4 fxg4 32. hxg4 Kf6 33. e4 e5 34. g5+ Kg6 35. Rg8+ Kh5 36. f5 h6 37. gxh6 Kxh6 38. Re8 f6 39. Re6 Rxe6 40. fxe6 Kg7 41. Kc2 Kf8 42. Kd3 b5 43. Ke3 Ke7 44. Kf3 Kxe6 45. Kg4 f5+ 46. exf5+ Kf6 47. Kg3 Kxf5 48. Kf3 e4+ 49. Ke3 Ke5 50.
Ke2 Kd4 0-1

[Event "Early-Titled-Tuesday-Blitz-February-13-2024"]
[Site "Chess.com"]
[Date "2024.02.13"]
[Round "11"]
[White "stratacticos"]
[Black "Teidi96"]
[Result "0-1"]
[WhiteElo "1979"]
[BlackElo "2282"]
[TimeControl "180+1"]
[EndTime "10:10:03 PST"]
[Termination "Teidi96 won on time"]

1. e4 c5 2. Nf3 g6 3. Nc3 Bg7 4.
d3 Nc6 5. Be3 d6 6. g3 Nf6 7. h3 Kf8 8. Qd2 Kg8 9. Bh6 Rb8 10. Bg2 b5 11. O-O b4 12. Ne2 e5 13.
c3 bxc3 14. bxc3 Qf8 15. Be3 h6 16. g4 Kh7 17. Ng3 Qd8 18. Nh2 Qa5 19. f4 exf4 20.
Bxf4 Ne5 21. Nf3 Re8 22. Nxe5 dxe5 23. Be3 Qa3 24. Rab1 Be6 25. c4 Red8 26. Rxb8 Rxb8 27. Bxh6 Rb2 28. Qe3 Qxa2 29. Bh1 Qa3 30. Bxg7 Kxg7 31. Nf5+ gxf5 32. gxf5 Bd7 33. Qg5+ Kf8 34. Qxf6 Qxd3 35.
Qd8+ Kg7 0-1